 Dungeon Crawl Stone Soup version 0.16-a0-791-gf1c67de (webtiles) character file.

690 PolkaDot the Changer (level 7, -8/53 HPs)
             Began as a Mottled Draconian Transmuter on Sept 28, 2014.
             Killed from afar by Dowan (18 damage)
             ... with a shard of ice
             ... on Level 5 of the Dungeon.
             The game lasted 00:15:00 (4378 turns).

PolkaDot the Changer (Mottled Draconian Transmuter) Turns: 4378, Time: 00:15:00

HP  -8/53        AC  7     Str 12      XL: 7   Next: 36%
MP   6/21        EV 12     Int 15      God:
Gold 92          SH  0     Dex 12      Spells:  3 memorised,  1 level left

rFire  . . .     SeeInvis .       - Unarmed
rCold  . . .     Clarity  .     (armour unavailable)
rNeg   . . .     rCorr    .     (no shield)
rPois  .         rRot     .     (helmet restricted)
rElec  .         Spirit   .     (no cloak)
SustAb .         Warding  .     (no gloves)
rMut   +         Stasis   .     G - +0 pair of boots
Gourm  .                        s - amulet of resist mutation
MR     .....                    (no ring)
                                y - ring of magical power

@: appendage, very slightly contaminated, invisible, not resistant to hostile
enchantments, very unstealthy
A: breathe sticky flames, unfitting armour, horns 2, cold-blooded, AC +6
a: Breathe Sticky Flame, End Transformation


You were on level 5 of the Dungeon.
You were not hungry.
You had grown temporary horns.
You visited 1 branch of the dungeon, and saw 5 of its levels.

You collected 231 gold pieces.
You spent 139 gold pieces at shops.

Inventory:

Missiles
 b - 108 arrows
 h - 4 javelins of penetration (quivered)
Armour
 G - a +0 pair of boots (worn)
Comestibles
 a - 4 bread rations
 f - 2 fruits
 u - a rotting chunk of bat flesh
 x - 2 meat rations
 A - 4 rotting chunks of orc flesh
 B - 2 rotting chunks of jackal flesh
 D - a rotting chunk of jackal flesh
 H - 2 rotting chunks of jackal flesh
 J - a rotting chunk of giant gecko flesh
 K - a rotting chunk of orc flesh
 L - a rotting chunk of adder flesh
Scrolls
 e - a scroll of enchant weapon {unknown}
 k - 4 scrolls of remove curse
 n - a scroll of amnesia {unknown}
 o - 3 scrolls of identify {unknown}
 q - a scroll of immolation {unknown}
 r - a scroll of enchant armour {unknown}
 t - a scroll of fog {unknown}
 w - 3 scrolls of teleportation {unknown}
 F - a scroll of blinking {unknown}
Jewellery
 s - an amulet of resist mutation (around neck)
 y - a ring of magical power (left hand)
 C - a +3 ring of strength {unknown}
Potions
 j - a potion of brilliance
 l - a potion of magic {unknown}
 m - a potion of beneficial mutation {unknown}
 p - a potion of haste {unknown}
 v - a potion of poison {unknown}
 z - a potion of flight {unknown}
Books
 d - a book of Changes

   Spells                             Type                      Level
   *Beastly Appendage                 Transmutation                1
   Sticks to Snakes                   Transmutation                2
   *Spider Form                       Transmutation/Poison         3
   Ice Form                           Ice/Transmutation            4
   *Blade Hands                       Transmutation                5
 I - a book of Callings

   Spells                             Type                      Level
   Summon Small Mammal                Summoning                    1
   Call Imp                           Summoning                    2
   Call Canine Familiar               Summoning                    3
   Summon Guardian Golem              Hexes/Summoning              4
   Summon Lightning Spire             Summoning/Air                4
   Summon Ice Beast                   Ice/Summoning                4


   Skills:
 - Level 1.8 Fighting
 - Level 1.5 Throwing
 - Level 1.7 Dodging
 + Level 5.6 Unarmed Combat
 - Level 2.0 Spellcasting
 * Level 6.0 Transmutations
 - Level 1.5 Poison Magic


You had one spell level left.
You knew the following spells:

 Your Spells              Type           Power        Failure   Level  Hunger
a - Beastly Appendage     Trmt           ###...       1%          1    #......
b - Blade Hands           Trmt           ###.......   54%         5    ######.
z - Spider Form           Trmt/Pois      ##........   17%         3    ####...


Dungeon Overview and Level Annotations

Branches:
Dungeon (5/15)
 Temple: D:4-7

Altars:
Elyvilon
Gozag
The Shining One

Shops:
D:4 [

Annotations:
D:5 Dowan


Innate Abilities, Weirdness & Mutations

You can spit globs of burning liquid.
You can ignite nearby creatures when you spit burning liquid.
Your weird mottled scales are hard (AC +6).
Your body does not fit into most forms of armour.
Your cold-blooded metabolism reacts poorly to cold.
You have a pair of horns on your head.


Message History

* * * LOW HITPOINT WARNING * * *
You swing at nothing.
Dowan hits you but does no damage.
You swing at nothing.
Dowan mumbles some strange words.
Dowan blinks!
Dowan gestures wildly while chanting.
Dowan blinks!
You bump into the stone wall.
You feel less confused. Dowan gestures at you while chanting.
The shard of ice hits you!
* * * LOW HITPOINT WARNING * * *
Drink which item? (? for menu, Esc to quit)
Okay, then.
Drink which item? (? for menu, Esc to quit)
You fade into invisibility!
It was a potion of invisibility.
Dowan casts a spell at you. The shard of ice hits you!
You die...

#.# #.#
#......
#.# #..
. . #.#
### #.#
#.# #.#
#.# #.#
#####
#.#
#)@.#
#.#
#.e)#
#.#
#)§)#
#.#
##)##
#.#
♣.♣♣
#.#
♣♣§♣
#.#
♣)♣♣
#.#
♣♣)♣
#.#
♣♣)♣♣


You could see Dowan.

Vanquished Creatures
  Prince Ribbit (D:4)
  The ghost of Protee the Sneak, an average OpEn (D:4)
  Duvessa (D:5)
  A scorpion (D:4)
  Crazy Yiuf (D:5)
  An orc priest (D:4)
  Ijyb (D:4)
  3 adders
  2 worms
  6 giant geckos
  6 orcs
  A ball python (D:1)
  A bat skeleton (D:4)
  A bat zombie (D:5)
  2 giant cockroaches (D:1)
  11 goblins
  12 hobgoblins
  4 jackals (D:5)
  4 quokkas
  14 bats
  4 giant newts
  A hobgoblin skeleton (D:4)
  A hobgoblin zombie (D:5)
  6 kobolds
  A quokka skeleton (D:4)
  10 rats
97 creatures vanquished.

Notes
Turn   | Place    | Note
--------------------------------------------------------------
     0 | D:1      | PolkaDot, the Draconian Transmuter, began the quest for the Orb.
     0 | D:1      | Reached XP level 1. HP: 16/16 MP: 3/3
   267 | D:1      | Reached XP level 2. HP: 20/23 MP: 4/4
   829 | D:1      | Reached XP level 3. HP: 29/29 MP: 6/6
   876 | D:1      | Learned a level 3 spell: Spider Form
  1188 | D:2      | Reached skill level 4 in Unarmed Combat
  1771 | D:3      | Reached XP level 4. HP: 19/36 MP: 7/7
  1841 | D:3      | Found a glowing golden altar of the Shining One.
  2606 | D:4      | Noticed Ijyb
  2627 | D:4      | Killed Ijyb
  2627 | D:4      | Reached skill level 1 in Throwing
  2673 | D:4      | Reached XP level 5. HP: 26/41 MP: 9/9
  3148 | D:4      | Found a white marble altar of Elyvilon.
  3167 | D:4      | Noticed Protee's ghost (average OpEn)
  3189 | D:4      | Killed Protee's ghost
  3189 | D:4      | Reached skill level 1 in Poison Magic
  3189 | D:4      | Reached XP level 6. HP: 48/48 MP: 10/10
  3291 | D:4      | Reached skill level 5 in Unarmed Combat
  3469 | D:4      | Learned a level 5 spell: Blade Hands
  3720 | D:4      | Found Ostabiq's Antique Armour Boutique.
  3723 | D:4      | Bought a pair of boots for 139 gold pieces
  3903 | D:4      | Noticed Prince Ribbit
  3915 | D:4      | Killed Prince Ribbit
  3915 | D:4      | Reached skill level 5 in Transmutations
  3915 | D:4      | Your scales start taking on a weird mottled pattern.
  3915 | D:4      | Reached XP level 7. HP: 42/53 MP: 12/12
  3987 | D:5      | Entered Level 5 of the Dungeon
  4120 | D:5      | Found an opulent altar of Gozag.
  4337 | D:5      | Noticed Crazy Yiuf
  4343 | D:5      | Noticed Duvessa
  4343 | D:5      | Noticed Dowan
  4345 | D:5      | Killed Crazy Yiuf
  4348 | D:5      | Killed Duvessa
  4348 | D:5      | Reached skill level 6 in Transmutations
  4378 | D:5      | Killed from afar by Dowan

Action                   |  1- 3 |  4- 6 |  7- 9 || total
-------------------------+-------+-------+-------++-------
Melee: Unarmed           |   194 |   116 |    63 ||   373
 Cast: Beastly Appendage |    11 |     6 |     3 ||    20
       Blade Hands       |       |       |     1 ||     1
 Abil: Breathe Sticky Fl |       |       |     1 ||     1
  Use: Scroll            |     1 |       |       ||     1
       Potion            |       |     7 |     3 ||    10
 Stab: Sleeping          |       |     1 |       ||     1
  Eat: Chunk             |     3 |     7 |     2 ||    12
       Bread ration      |       |       |     1 ||     1
